 Dungeon Crawl Stone Soup version 0.27.1-3-gb3d3a73c9e (webtiles) character file.

Game seed: 3085557613799895004

360 horus123 the Firebug (level 6, -3/33 HPs)
             Began as a Deep Elf Fire Elementalist on Oct 14, 2021.
             Slain by a water moccasin skeleton (4 damage)
             ... on level 5 of the Dungeon.
             The game lasted 00:10:51 (4893 turns).

horus123 the Firebug (Deep Elf Fire Elementalist)   Turns: 4893, Time: 00:10:51

Health: -3/33      AC:  2    Str:  5    XL:     6   Next: 38%
Magic:  4/15       EV: 13    Int: 22    God:
Gold:   179        SH:  0    Dex: 15    Spells: 3/15 levels left

rFire    . . .     SeeInvis .   b - +5 short sword
rCold    . . .     Faith    .   (no shield)
rNeg     . . .     Spirit   .   a - +0 robe
rPois    .         Reflect  .   (no helmet)
rElec    .         Harm     .   (no cloak)
rCorr    .         Rampage  .   (no gloves)
Will     .....                  (no boots)
Stlth    ++........             (no amulet)
HPRegen  0.11/turn              e - ring of wizardry
MPRegen  0.14/turn              (no ring)

@: no status effects
A: no striking features
a: no special abilities


You were on level 5 of the Dungeon.
You visited 1 branch of the dungeon, and saw 5 of its levels.

You collected 179 gold pieces.

Inventory:

Hand Weapons
 b - a +5 short sword (weapon)
 d - a +2 dagger of flaming
Armour
 a - a +0 robe (worn)
 c - a +2 buckler
Jewellery
 e - a ring of wizardry (left hand)
Wands
 h - a wand of digging (3)
Scrolls
 g - a scroll of teleportation
 k - a scroll of silence
Potions
 f - a potion of invisibility {unknown}
 i - a potion of berserk rage {unknown}
 l - a potion of cancellation {unknown}
 m - a potion of lignification {unknown}


   Skills:
 + Level 0.7 Fighting
 + Level 0.3 Short Blades
 + Level 3.0 Dodging
 + Level 3.0 Stealth
 * Level 1.8 Shields
 + Level 5.1 Spellcasting
 + Level 2.5 Conjurations
 + Level 0.4 Hexes
 + Level 5.2 Fire Magic


You had 3 spell levels left.
You knew the following spells:

 Your Spells              Type           Power      Damage    Failure   Level
a - Foxfire               Conj/Fire      88%        2x1d8     1%          1
b - Inner Flame           Hex/Fire       18%        N/A       4%          3
c - Frozen Ramparts       Ice            10%        1d3       12%         3
d - Fireball              Conj/Fire      11%        3d7       22%         5

Your spell library contained the following spells:

 Spells                   Type           Power      Damage    Failure   Level
 Conjure Flame            Conj/Fire      22%        6-21      2%          3
 Sticky Flame             Conj/Fire      22%        2d4       9%          4
 Ice Form                 Ice/Tmut       5%         N/A       36%         4
 Summon Ice Beast         Ice/Summ       5%         N/A       36%         4


Dungeon Overview and Level Annotations

Branches:
Dungeon (5/15)
 Temple: D:4-7

Altars:
Cheibriados
Elyvilon
Fedhas
Hepliaklqana
Makhleb


Message History

The centaur skeleton barely misses you. x2; The wall freezes the orc.
Casting: Foxfire (safe; 1% risk of failure)
Press: ? - help, Q - select action, (/) - cycle Dir - look around, f - activate
There is not enough space to conjure foxfire!
Unknown command.
The foxfire hits the centaur skeleton!
You destroy the centaur skeleton!
The water moccasin skeleton completely resists.
The wall freezes the water moccasin skeleton but does no damage.
The wall freezes the orc.
The water moccasin skeleton completely resists.
The wall freezes the water moccasin skeleton but does no damage.
Your Stealth skill increases to level 3!
Casting: Foxfire (safe; 1% risk of failure)
Press: ? - help, Q - select action, (/) - cycle Dir - look around, f - activate You conjure some foxfire!
The wall freezes the orc.
You kill the orc!
The water moccasin skeleton completely resists.
The wall freezes the water moccasin skeleton but does no damage.
The foxfire hits the water moccasin skeleton.
The water moccasin skeleton is heavily damaged.
The wall freezes the scorpion.
The water moccasin skeleton completely resists.
The wall freezes the water moccasin skeleton but does no damage.
The water moccasin skeleton bites you but does no damage.
The wall freezes the scorpion.
Casting: Foxfire (safe; 1% risk of failure)
Press: ? - help, Q - select action, (/) - cycle Dir - look around, f - activate You conjure some foxfire!
The frozen ramparts melt away.
An orc priest comes into view. It is wielding a +0 mace.
The water moccasin skeleton closely misses you.
Unknown command.
The foxfire hits the water moccasin skeleton.
The water moccasin skeleton is heavily damaged.
The water moccasin skeleton bites you.
* * * LOW HITPOINT WARNING * * *
The water moccasin skeleton bites you.
You die...

......#.#
......#.#
.$......#
.......o#
....[...#
#######.# #s#
#Z#############
#.@...........#
#####
###########.###
#...# #...#.#
#.#.# #.#.#.#
#<#.# #....(#
###.# #####.###
###.# #.....#
#...# #.#####
#.### #.#


You could see a scorpion, an orc priest and a water moccasin skeleton.

Vanquished Creatures
  A bullfrog (D:4)
  A scorpion (D:4)
  A water moccasin skeleton (D:4)
  A bullfrog skeleton (D:4)
  A centaur skeleton (D:5)
  A hound skeleton (D:4)
  7 adders
  4 dart slugs
  2 orcs
  4 ball pythons
  7 bats
  2 endoplasms
  2 giant cockroaches (D:2)
  7 goblins
  4 hobgoblins
  5 jackals (D:1)
  2 quokkas
  3 frilled lizards
  5 kobolds
  4 rats
64 creatures vanquished.

Vanquished Creatures (others)
  194 foxfires
194 creatures vanquished.

Grand Total: 258 creatures vanquished

Notes
Turn   | Place    | Note
-------+----------+-------------------------------------------
     0 | D:1      | horus123 the Deep Elf Fire Elementalist began the quest for
                  | the Orb.
     0 | D:1      | Reached XP level 1. HP: 10/10 MP: 6/6
   479 | D:1      | Reached XP level 2. HP: 15/15 MP: 5/8
  1369 | D:2      | Reached XP level 3. HP: 19/19 MP: 7/10
  1639 | D:2      | Learned a level 3 spell: Inner Flame
  1645 | D:2      | Learned a level 3 spell: Frozen Ramparts
  1731 | D:2      | Found a white marble altar of Elyvilon.
  2150 | D:2      | Reached XP level 4. HP: 23/24 MP: 8/11
  3647 | D:4      | Noticed a scorpion
  3663 | D:4      | Killed a scorpion
  3664 | D:4      | Reached XP level 5. HP: 16/28 MP: 1/13
  3832 | D:4      | Learned a level 5 spell: Fireball
  3888 | D:4      | Found a blossoming altar of Fedhas.
  3891 | D:4      | Found a hazy altar of Hepliaklqana.
  3894 | D:4      | Found a burning altar of Makhleb.
  3897 | D:4      | Found a snail-covered altar of Cheibriados.
  4134 | D:4      | Reached skill level 1 in Shields
  4217 | D:4      | Reached skill level 5 in Fire Magic
  4323 | D:4      | Reached skill level 5 in Spellcasting
  4323 | D:4      | Reached XP level 6. HP: 11/33 MP: 15/15
  4759 | D:5      | Entered Level 5 of the Dungeon
  4892 | D:5      | HP: 1/33 [water moccasin skeleton (6)]
  4893 | D:5      | Slain by a water moccasin skeleton

Illustrated notes

Levels and vault maps discovered:
D:1:      minmay_arrival_nine_rooms, layout_basic
D:2:      minmay_chambers_of_twos, layout_loops_ring, basic_altar,
          dk_noncrumbling_2
D:3:      layout_basic, lemuel_flame_loot_1
D:4:      layout_gridville, grunt_temple_overflow_cloverleaf
D:5:      layout_basic, mainiacjoe_overflow_divided_tiny

Skill      XL: |  1  2  3  4  5  6 |
---------------+-------------------+-----
Fire Magic     | 4 5 |  5.2
Spellcasting   | 4 5 |  5.1
Conjurations   | 2 |  2.5
Shields        | 1 |  1.8
Dodging        | 3 |  3.0
Stealth        | 3 |  3.0
Fighting       | |  0.7
Short Blades   | |  0.3
Hexes          | |  0.4

Action                   |  1- 3 |  4- 6 || total
-------------------------+-------+-------++-------
Melee: Short sword       |    12 |    10 ||    22
 Cast: Foxfire           |    46 |    78 ||   124
       Inner Flame       |       |     4 ||     4
       Frozen Ramparts   |       |     1 ||     1
  Use: Scroll            |     2 |     4 ||     6
       Potion            |       |     1 ||     1
 Stab: Sleeping          |     2 |       ||     2
Armor: Robe              |     3 |     8 ||    11
Dodge: Dodged            |    14 |    37 ||    51
Block: Buckler           |     2 |       ||     2
